| TOP OF THE 1ST |
|
Cleveland Indians batting - Pitching for Chicago White Sox : RHP Ricky Salas
|
|
Pitching: RHP Ricky Salas
|
|
|
Batting: LHB Hector Pedroso
|
0-0: Called Strike 0-1: Called Strike 0-2: Strikes out swinging
|
|
Batting: LHB Arvin Dungca
|
0-0: Fly out, F8 (Flyball, 8RM, EV 89.4 MPH)
|
|
Batting: LHB Fernando Campos
|
0-0: Foul Ball, location: 2F 0-1: Foul Ball, location: 2F 0-2: Strikes out looking
|
| Top of the 1st over - 0 runs, 0 hits, 0 errors, 0 left on base; Cleveland 0 - Chicago 0 |
| BOTTOM OF THE 1ST |
|
Chicago White Sox batting - Pitching for Cleveland Indians : RHP Jon Glenn
|
|
Pitching: RHP Jon Glenn
|
|
|
Batting: SHB Dan Lash
|
0-0: Foul Ball, location: 2F 0-1: Ball 1-1: Ball 2-1: Foul Ball, location: 2F 2-2: TRIPLE (Line Drive, 8LXD, EV 111.9 MPH)
|
|
Batting: LHB Antonio Figueroa
|
0-0: Ball 1-0: Swinging Strike 1-1: Ball 2-1: Foul Ball, location: 2F 2-2: Ball 3-2: Base on Balls
|
|
Batting: LHB Randy Rosenberry
|
0-0: Ball 1-0: Ball 2-0: Called Strike Antonio Figueroa steals 2nd base (no throw) 2-1: Fly out, F9 (Flyball, 89S, EV 88.1 MPH)
|
|
Batting: SHB Cesar Herrera
|
0-0: Ball 1-0: Ball 2-0: DOUBLE (Line Drive, 9LM, EV 108.1 MPH) Dan Lash scores Antonio Figueroa scores
|
|
Batting: LHB Juan Concepcion
|
0-0: Called Strike 0-1: 2-RUN HOME RUN (Flyball, 9D, EV 98.1 MPH), Distance : 372 ft
|
|
Batting: LHB Brian Feher
|
0-0: Foul Ball, location: 2F 0-1: Ball 1-1: Ball 2-1: Ground out 5-3 (Groundball, 56, EV 91.9 MPH)
|
|
Batting: RHB Rocky Campbell
|
0-0: Ball 1-0: Swinging Strike 1-1: SINGLE (Line Drive, 9LS, EV 99.4 MPH)
|
|
Batting: RHB Steve Castleberry
|
0-0: Called Strike 0-1: Ball 1-1: Foul Ball, location: 2F 1-2: Foul Ball, location: 2F 1-2: Ball 2-2: Ground out 3-1 (Groundball, 34S, EV 78.8 MPH)
|
| Bottom of the 1st over - 4 runs, 4 hits, 0 errors, 1 left on base; Cleveland 0 - Chicago 4 |
| TOP OF THE 2ND |
|
Cleveland Indians batting - Pitching for Chicago White Sox : RHP Ricky Salas
|
|
Batting: LHB Anthony Mosley
|
0-0: Called Strike 0-1: Called Strike 0-2: Ball 1-2: Strikes out looking
|
|
Batting: SHB Dan Hill
|
0-0: Ball 1-0: Swinging Strike 1-1: Foul Ball, location: 2F 1-2: SINGLE (Line Drive, 89M, EV 90.6 MPH)
|
|
Batting: SHB Jonathan DeFranco
|
0-0: Ball 1-0: Called Strike 1-1: Ball 2-1: Foul Ball, location: 2F 2-2: Strikes out swinging
|
|
Batting: RHB Justin Ganey
|
0-0: Called Strike 0-1: Ball 1-1: Called Strike 1-2: Foul Ball, location: 2F 1-2: Ball 2-2: Foul Ball, location: 2F 2-2: Foul Ball, location: 2F 2-2: Ball Dan Hill steals 2nd base 3-2: Foul Ball, location: 2F 3-2: Strikes out swinging
|
| Top of the 2nd over - 0 runs, 1 hit, 0 errors, 1 left on base; Cleveland 0 - Chicago 4 |
| BOTTOM OF THE 2ND |
|
Chicago White Sox batting - Pitching for Cleveland Indians : RHP Jon Glenn
|
|
Batting: RHB Leo Navarro
|
0-0: Called Strike 0-1: Foul Ball, location: 2F 0-2: Fly out, F8 (Flyball, 8LM, EV 83.1 MPH)
|
|
Batting: SHB Dan Lash
|
0-0: Ball 1-0: Called Strike 1-1: Ball 2-1: Ball 3-1: Foul Ball, location: 2F 3-2: Base on Balls
|
|
Batting: LHB Antonio Figueroa
|
0-0: Called Strike 0-1: Ball 1-1: Ball 2-1: Swinging Strike 2-2: Ball 3-2: Base on Balls Dan Lash to second
|
|
Batting: LHB Randy Rosenberry
|
0-0: Called Strike 0-1: Ball 1-1: Swinging Strike 1-2: Foul Ball, location: 2F 1-2: Foul Ball, location: 2F 1-2: Foul Ball, location: 2F 1-2: DOUBLE (Line Drive, 9D, EV 107.5 MPH) Dan Lash scores Antonio Figueroa to third
|
|
Pitching: RHP Dennis Beals
|
|
|
Batting: SHB Cesar Herrera
|
0-0: 3-RUN HOME RUN (Line Drive, 9D, EV 99.4 MPH), Distance : 380 ft
|
|
Batting: LHB Juan Concepcion
|
0-0: Called Strike 0-1: Fly out, F9 (Flyball, 9LM, EV 93.1 MPH)
|
|
Batting: LHB Brian Feher
|
0-0: Ball 1-0: Foul Ball, location: 2F 1-1: Swinging Strike 1-2: Ball 2-2: Foul Ball, location: 2F 2-2: Ball 3-2: Fly out, F7 (Flyball, 7D, EV 96.3 MPH)
|
| Bottom of the 2nd over - 4 runs, 2 hits, 0 errors, 0 left on base; Cleveland 0 - Chicago 8 |
| TOP OF THE 3RD |
|
Cleveland Indians batting - Pitching for Chicago White Sox : RHP Ricky Salas
|
|
Batting: RHB Rafael Medina
|
0-0: Ball 1-0: Ground out U3 (Groundball, 3L, EV 80.6 MPH)
|
|
Batting: RHB Greg Harden
|
0-0: Ball 1-0: Called Strike 1-1: Foul Ball, location: 2F 1-2: Ball 2-2: Ball 3-2: Strikes out looking
|
|
Batting: LHB Hector Pedroso
|
0-0: Called Strike 0-1: Called Strike 0-2: Strikes out swinging
|
| Top of the 3rd over - 0 runs, 0 hits, 0 errors, 0 left on base; Cleveland 0 - Chicago 8 |
| BOTTOM OF THE 3RD |
|
Chicago White Sox batting - Pitching for Cleveland Indians : RHP Dennis Beals
|
|
Batting: RHB Rocky Campbell
|
0-0: Ground out 5-3 (Groundball, 5L, EV 83.1 MPH)
|
|
Batting: RHB Steve Castleberry
|
0-0: Foul Ball, location: 2F 0-1: Foul Ball, location: 2F 0-2: Foul Ball, location: 2F 0-2: Foul Ball, location: 2F 0-2: Ball 1-2: Ball 2-2: Strikes out swinging
|
|
Batting: RHB Leo Navarro
|
0-0: Called Strike 0-1: Ball 1-1: Foul Ball, location: 2F 1-2: Foul Ball, location: 2F 1-2: SINGLE (Line Drive, 6MD, EV 93.8 MPH)
|
|
Batting: SHB Dan Lash
|
0-0: Ground out U3 (Groundball, 3L, EV 81.3 MPH)
|
| Bottom of the 3rd over - 0 runs, 1 hit, 0 errors, 1 left on base; Cleveland 0 - Chicago 8 |
| TOP OF THE 4TH |
|
Cleveland Indians batting - Pitching for Chicago White Sox : RHP Ricky Salas
|
|
Batting: LHB Arvin Dungca
|
0-0: Ball 1-0: Foul Ball, location: 2F 1-1: Ball 2-1: Foul Ball, location: 2F 2-2: Ground out 4-3 (Groundball, 34, EV 95.0 MPH)
|
|
Batting: LHB Fernando Campos
|
0-0: Foul Ball, location: 2F 0-1: Swinging Strike 0-2: Strikes out swinging
|
|
Batting: LHB Anthony Mosley
|
0-0: Ball 1-0: Ball 2-0: SINGLE (Groundball, 15S, EV 62.5 MPH) (infield hit)
|
|
Batting: SHB Dan Hill
|
0-0: Ball 1-0: Foul Ball, location: 2F 1-1: Ball 2-1: DOUBLE (Line Drive, 8RXD, EV 100.0 MPH) Anthony Mosley to third Runner from 3rd tries for Home, throw by CF and OUT! 8-4-2
|
| Top of the 4th over - 0 runs, 2 hits, 0 errors, 1 left on base; Cleveland 0 - Chicago 8 |
| BOTTOM OF THE 4TH |
|
Chicago White Sox batting - Pitching for Cleveland Indians : RHP Dennis Beals
|
|
Batting: LHB Antonio Figueroa
|
0-0: Ball 1-0: Ball 2-0: Foul Ball, location: 2F 2-1: Swinging Strike 2-2: Strikes out swinging
|
|
Batting: LHB Randy Rosenberry
|
0-0: Called Strike 0-1: Ground out U3 (Groundball, 34, EV 88.1 MPH)
|
|
Batting: SHB Cesar Herrera
|
0-0: Called Strike 0-1: Ball 1-1: Swinging Strike 1-2: Ball 2-2: Ball 3-2: Foul Ball, location: 2F 3-2: Ground out 3-1 (Groundball, 34, EV 108.8 MPH)
|
| Bottom of the 4th over - 0 runs, 0 hits, 0 errors, 0 left on base; Cleveland 0 - Chicago 8 |
| TOP OF THE 5TH |
|
Cleveland Indians batting - Pitching for Chicago White Sox : RHP Ricky Salas
|
|
Pitching: LHP Joel Campbell
|
|
|
Batting: SHB Jonathan DeFranco
|
0-0: Called Strike 0-1: Called Strike 0-2: Ball 1-2: Strikes out swinging
|
|
Batting: RHB Justin Ganey
|
0-0: Fly out, F9 (Flyball, 9LM, EV 83.1 MPH)
|
|
Pitching: RHP Adam Ratcliff
|
|
|
Batting: RHB Rafael Medina
|
0-0: Ball 1-0: Fly out, F8 (Flyball, 8LM, EV 88.1 MPH)
|
| Top of the 5th over - 0 runs, 0 hits, 0 errors, 0 left on base; Cleveland 0 - Chicago 8 |
| BOTTOM OF THE 5TH |
|
Chicago White Sox batting - Pitching for Cleveland Indians : RHP Dennis Beals
|
|
Batting: LHB Juan Concepcion
|
0-0: Called Strike 0-1: Ball 1-1: Foul Ball, location: 2F 1-2: Ground out 4-3 (Groundball, 4, EV 97.5 MPH)
|
|
Batting: LHB Brian Feher
|
0-0: Swinging Strike 0-1: Swinging Strike 0-2: Strikes out looking
|
|
Batting: RHB Rocky Campbell
|
0-0: Fly out, F7 (Flyball, 7LM, EV 87.5 MPH)
|
| Bottom of the 5th over - 0 runs, 0 hits, 0 errors, 0 left on base; Cleveland 0 - Chicago 8 |
| TOP OF THE 6TH |
|
Cleveland Indians batting - Pitching for Chicago White Sox : RHP Adam Ratcliff
|
|
Batting: RHB Greg Harden
|
0-0: Called Strike 0-1: Fly out, F4 (Flyball, 34D, EV 85.0 MPH)
|
|
Batting: LHB Hector Pedroso
|
0-0: Swinging Strike 0-1: Swinging Strike 0-2: Foul Ball, location: 2F 0-2: Ball 1-2: Ball 2-2: Foul Ball, location: 2F 2-2: SINGLE (Line Drive, 4MD, EV 100.0 MPH)
|
|
Batting: LHB Arvin Dungca
|
0-0: Ball Hector Pedroso steals 2nd base (no throw) 1-0: Ball 2-0: Swinging Strike 2-1: Called Strike 2-2: Strikes out looking
|
|
Batting: LHB Fernando Campos
|
0-0: Called Strike 0-1: Ball 1-1: Ground out 3-1 (Groundball, 34, EV 86.9 MPH)
|
| Top of the 6th over - 0 runs, 1 hit, 0 errors, 1 left on base; Cleveland 0 - Chicago 8 |
| BOTTOM OF THE 6TH |
|
Chicago White Sox batting - Pitching for Cleveland Indians : RHP Dennis Beals
|
|
Batting: RHB Steve Castleberry
|
0-0: Ball 1-0: Called Strike 1-1: Ball 2-1: Ball 3-1: Ground out 6-3 (Groundball, 6, EV 103.1 MPH)
|
|
Batting: RHB Leo Navarro
|
0-0: Ball 1-0: Ball 2-0: Called Strike 2-1: Fly out, F7 (Flyball, 78S, EV 89.4 MPH)
|
|
Pinch Hitting: RHB Roger Salazar
|
0-0: Ground out 2-3 (Groundball, 2L, EV 68.1 MPH)
|
| Bottom of the 6th over - 0 runs, 0 hits, 0 errors, 0 left on base; Cleveland 0 - Chicago 8 |
| TOP OF THE 7TH |
|
Cleveland Indians batting - Pitching for Chicago White Sox : RHP Adam Ratcliff
|
|
Now at 2B: Antonio Figueroa
|
|
|
Now at SS: Roger Salazar
|
|
|
Batting: LHB Anthony Mosley
|
0-0: Swinging Strike 0-1: Ball 1-1: Ball 2-1: Swinging Strike 2-2: Foul Ball, location: 2F 2-2: Strikes out swinging
|
|
Batting: SHB Dan Hill
|
0-0: Ball 1-0: Ball 2-0: Ball 3-0: Base on Balls
|
|
Batting: SHB Jonathan DeFranco
|
Pickoff Throw to First - Out! 1-3 0-0: Fly out, F4 (Line Drive, 4, EV 65.0 MPH)
|
| Top of the 7th over - 0 runs, 0 hits, 0 errors, 0 left on base; Cleveland 0 - Chicago 8 |
| BOTTOM OF THE 7TH |
|
Chicago White Sox batting - Pitching for Cleveland Indians : RHP Dennis Beals
|
|
Pitching: RHP Mike Wilson
|
|
|
Pinch Hitting: RHB Bobby Scholl
|
0-0: Ball 1-0: Ball 2-0: Called Strike 2-1: SINGLE (Line Drive, 89S, EV 111.3 MPH)
|
|
Batting: LHB Randy Rosenberry
|
0-0: Ball 1-0: SINGLE (Line Drive, 56, EV 96.3 MPH) Bobby Scholl to second
|
|
Batting: RHB Jeff Brower
|
0-0: Ball 1-0: Ball 2-0: Called Strike 2-1: Swinging Strike 2-2: DOUBLE (Line Drive, 78D, EV 100.6 MPH) Bobby Scholl scores Randy Rosenberry to third
|
|
Pinch Hitting: LHB Sonny Flood
|
0-0: Called Strike 0-1: Ground out 4-3 (Groundball, 4, EV 78.1 MPH) Randy Rosenberry scores Jeff Brower to third
|
|
Pinch Hitting: RHB Jason Moss
|
0-0: Ball 1-0: Ball 2-0: Foul Ball, location: 2F 2-1: Swinging Strike 2-2: Foul Ball, location: 2F 2-2: Foul Ball, location: 2F 2-2: Ground out 6-3 (Groundball, P, EV 81.9 MPH) Jeff Brower scores
|
|
Pinch Hitting: LHB Jack Christie
|
0-0: Ball 1-0: SOLO HOME RUN (Line Drive, 9D, EV 103.8 MPH), Distance : 382 ft
|
|
Pitching: RHP Hector Guerrero
|
|
|
Batting: RHB Steve Castleberry
|
0-0: Swinging Strike 0-1: Swinging Strike 0-2: Ball 1-2: Strikes out swinging
|
| Bottom of the 7th over - 4 runs, 4 hits, 0 errors, 0 left on base; Cleveland 0 - Chicago 12 |
| TOP OF THE 8TH |
|
Cleveland Indians batting - Pitching for Chicago White Sox : RHP Adam Ratcliff
|
|
Now at 1B: Jack Christie
|
|
|
Now at 2B: Steve Castleberry
|
|
|
Now at 3B: Roger Salazar
|
|
|
Now at SS: Bobby Scholl
|
|
|
Now in LF: Jason Moss
|
|
|
Now in RF: Sonny Flood
|
|
|
Batting: RHB Justin Ganey
|
0-0: Ball 1-0: Fly out, F8 (Flyball, 8LD, EV 102.5 MPH)
|
|
Pinch Hitting: LHB Kyle Schaible
|
0-0: Called Strike 0-1: Swinging Strike 0-2: Foul Ball, location: 2F 0-2: Strikes out swinging
|
|
Batting: RHB Greg Harden
|
0-0: Ball 1-0: Swinging Strike 1-1: Ground out 6-3 (Groundball, 6, EV 83.8 MPH)
|
| Top of the 8th over - 0 runs, 0 hits, 0 errors, 0 left on base; Cleveland 0 - Chicago 12 |
| BOTTOM OF THE 8TH |
|
Chicago White Sox batting - Pitching for Cleveland Indians : RHP Hector Guerrero
|
|
Now at SS: Kyle Schaible
|
|
|
Batting: RHB Leo Navarro
|
0-0: Called Strike 0-1: Swinging Strike 0-2: Foul Ball, location: 2F 0-2: Ball 1-2: Strikes out swinging
|
|
Batting: RHB Roger Salazar
|
0-0: Called Strike 0-1: Ball 1-1: Swinging Strike 1-2: Ball 2-2: Strikes out swinging
|
|
Batting: RHB Bobby Scholl
|
0-0: Foul Ball, location: 2F 0-1: Ball 1-1: Ball 2-1: SINGLE (Groundball, 3D, EV 97.5 MPH)
|
|
Batting: LHB Randy Rosenberry
|
0-0: SINGLE (Line Drive, 89S, EV 108.1 MPH) Bobby Scholl to second
|
|
Batting: RHB Jeff Brower
|
0-0: Swinging Strike 0-1: Called Strike 0-2: Ball 1-2: Foul Ball, location: 2F 1-2: Foul Ball, location: 2F 1-2: Ball 2-2: Strikes out looking
|
| Bottom of the 8th over - 0 runs, 2 hits, 0 errors, 2 left on base; Cleveland 0 - Chicago 12 |
| TOP OF THE 9TH |
|
Cleveland Indians batting - Pitching for Chicago White Sox : RHP Adam Ratcliff
|
|
Pinch Hitting: LHB John Harring
|
0-0: Ground out 5-3 (Groundball, 56S, EV 89.4 MPH)
|
|
Pinch Hitting: RHB Jesus Galvan
|
0-0: Foul Ball, location: 2F 0-1: Ball 1-1: Swinging Strike 1-2: Strikes out swinging
|
|
Pinch Hitting: RHB Toki Takeuchi
|
0-0: Ground out 6-3 (Groundball, 6, EV 91.3 MPH)
|
| Top of the 9th over - 0 runs, 0 hits, 0 errors, 0 left on base; Cleveland 0 - Chicago 12 |
|